 Dungeon Crawl Stone Soup version 0.27.1-33-g824d729ab1 (webtiles) character file.

Game seed: 10723042462543282581

21 Grabarz the Cudgeller (level 2, -3/18 HPs)
             Began as a Gargoyle Gladiator on Dec 6, 2021.
             Frozen to death by an endoplasm (5 damage)
             ... on level 1 of the Dungeon.
             The game lasted 00:04:29 (610 turns).

Grabarz the Cudgeller (Gargoyle Gladiator)           Turns: 610, Time: 00:04:34

Health: -3/18      AC:  6    Str: 17    XL:     2   Next: 87%
Magic:  2/2        EV: 12    Int:  8    God:
Gold:   39         SH:  0    Dex: 11    Spells: 1/1 levels left

rFire    . . .     SeeInvis .   a - +0 flail
rCold    . . .     Faith    .   (no shield)
rNeg     + . .     Spirit   .   b - +0 leather armour
rPois    ∞         Reflect  .   c - +0 helmet
rElec    +         Harm     .   (no cloak)
rCorr    .         Rampage  .   (no gloves)
Will     .....                  (no boots)
Stlth    +.........             (no amulet)
HPRegen  0.06/turn              (no ring)
MPRegen  0.08/turn              (no ring)

@: no status effects
A: sickness immunity, AC +2, negative energy resistance 1, electricity
resistance, torment resistance 1, petrification resistance
a: no special abilities


You were on level 1 of the Dungeon.
You visited 1 branch of the dungeon, and saw 1 of its levels.

You collected 39 gold pieces.

Inventory:

Hand Weapons
 a - a +0 flail (weapon)
Armour
 b - a +0 leather armour (worn)
 c - a +0 helmet (worn)
Scrolls
 e - a scroll of identify {unknown}
 f - a scroll of teleportation {unknown}


   Skills:
 + Level 2.5 Fighting
 + Level 3.4 Maces & Flails
 + Level 1.8 Throwing
 + Level 0.2 Armour
 + Level 2.7 Dodging


You had one spell level left.
You didn't know any spells.
Your spell library was empty.

Dungeon Overview and Level Annotations

Branches:
Dungeon (1/15)

Altars:

Shops:
D:1 [


Innate Abilities, Weirdness & Mutations

You are immune to sickness and miasma.
Your stone body is resilient. (AC +2)
You are immune to poison.
You resist negative energy. (rN+)
You are resistant to electric shocks. (rElec)
You are resistant to unholy torment.
You are immune to petrification.


Message History

You closely miss the rat.
The endoplasm quivers.
The rat bites you but does no damage.
You hit the rat but do no damage. The rat closely misses you.
You hit the rat.
You kill the rat!
The frilled lizard closely misses you.
You barely miss the frilled lizard. The frilled lizard barely misses you.
You miss the frilled lizard. The frilled lizard closely misses you.
The frilled lizard barely misses you. The endoplasm freezes you.
You are frozen.
You closely miss the frilled lizard. The frilled lizard misses you.
The endoplasm freezes you.
You are frozen.
You hit the frilled lizard but do no damage.
The frilled lizard closely misses you. The endoplasm barely misses you.
You miss the frilled lizard.
The frilled lizard bites you but does no damage.
The endoplasm freezes you.
You are frozen.
The frilled lizard barely misses you.
You miss the frilled lizard. The endoplasm hits you.
The frilled lizard barely misses you. The endoplasm barely misses you.
You barely miss the frilled lizard. The frilled lizard misses you.
The endoplasm hits you but does no damage.
You barely miss the frilled lizard. The frilled lizard closely misses you.
The endoplasm misses you.
You closely miss the frilled lizard. The frilled lizard closely misses you.
The endoplasm freezes you.
You are frozen.
* * * LOW HITPOINT WARNING * * *
The frilled lizard misses you.
You completely miss the frilled lizard. The endoplasm freezes you.
You are frozen.
* * * LOW HITPOINT WARNING * * *
The frilled lizard barely misses you. The endoplasm freezes you.
You are frozen.
You die...

♣.♣......#..
##..(..#.♣.♣...##.#..
#.......#♣.♣.#...†.>.
#..!....##........##.
#.......###.......##.
#.......###.......###
#.......##....)...#
#..lJ...##...PP..P#
#...@...##.....♣P.##
#####.####..♣.♣.PP.#
#.# ##P♣♣♣♣♣P.## #.#
#.P♣♣PP....
#.######.P♣PP.###
#............####
########.####...#
#......... ######...#


You could see an endoplasm and a frilled lizard.

Vanquished Creatures
  2 dart slugs (D:1)
  A ball python (D:1)
  4 bats (D:1)
  An endoplasm (D:1)
  A goblin (D:1)
  A hobgoblin (D:1)
  3 jackals (D:1)
  A quokka (D:1)
  A rat (D:1)
15 creatures vanquished.

Notes
Turn   | Place    | Note
-------+----------+-------------------------------------------
     0 | D:1      | Grabarz the Gargoyle Gladiator began the quest for the Orb.
     0 | D:1      | Reached XP level 1. HP: 12/12 MP: 1/1
   186 | D:1      | Reached XP level 2. HP: 17/18 MP: 2/2
   347 | D:1      | Found Kuitzank's Antique Armour Emporium.
   610 | D:1      | Frozen to death by an endoplasm

Illustrated notes

Levels and vault maps discovered:
D:1:      eino_arrival_water_cross, layout_loops_cross, serial_shops, shop,
          serial_forest, infiniplex_forest_straight_2,
          infiniplex_forest_clump_curved, infiniplex_forest_clump_double,
          infiniplex_forest_straight_3, infiniplex_forest_clump_medium,
          infiniplex_forest_straight_5, infiniplex_forest_zigzag_1,
          infiniplex_forest_straight_2

Action                   || total
-------------------------++-------
Melee: Flail             ||    72
Throw: Throwing net      ||     8
 Stab: Held in net/web   ||     2
Armor: Leather armour    ||    40
Dodge: Dodged            ||    99
